[Event "Team 45 45 League T36"]
[Site "Internet Chess Club"]
[Date "2008.01.27"]
[Round "1"]
[White "badmove"]
[Black "Jozin"]
[Result "0-1"]
[WhiteElo "1632"]
[BlackElo "1698"]
[Opening "Petrov: modern attack, Symmetrical variation"]
[ECO "C43"]
[Time "14:07:47"]
[TimeControl "2700+45"]

1. e4 e5 2. Nf3 Nf6 3. d4 Nxe4 4. Bd3 d5 5. Nxe5 Nf6 6. c3 Be7 7. Bg5 O-O 8. O-O
Re8 9. Re1 Nbd7 10. Nd2 Nf8 11. Qc2 c6 12. c4 Be6 13. b3 N6d7 14. Bxe7 Rxe7 15.
f4 Nf6 16. f5 dxc4 17. Ndxc4 Qxd4+ 18. Kh1 Bxc4 19. Nxc4 Rae8 20. Rf1 Ng4 21. h3
Ne3 22. Nxe3 Rxe3 23. Rad1 Qe5 24. Qf2 Qg3 25. Qxg3 Rxg3 26. Kh2 Rge3 27. Rf3
Rxf3 28. gxf3 Rd8 29. Kg3 h6 30. Kg4 c5 31. Kf4 Nh7 32. h4 Nf6 33. Ke3 Nd5+ 34.
Kd2 Nb4 35. Ke1 {White resigns} 0-1

[Event "Team 45 45 League T36"]
[Site "Internet Chess Club"]
[Date "2008.01.24"]
[Round "1"]
[White "GolfSuper"]
[Black "BHogan"]
[Result "1/2-1/2"]
[WhiteElo "1603"]
[BlackElo "1606"]
[Opening "French defense"]
[ECO "C00"]
[Time "19:30:55"]
[TimeControl "2700+45"]

1. e4 e6 2. Nf3 d5 3. exd5 exd5 4. d4 Nf6 5. Bb5+ c6 6. Bd3 Bg4 7. h3 Bh5 8. O-O
Be7 9. b3 O-O 10. Ba3 Re8 11. Bxe7 Rxe7 12. Nbd2 Ne4 13. g4 Bg6 14. Ne5 Nc3 15.
Qf3 Bxd3 16. Qxd3 Nb5 17. Rae1 Nd7 18. Nxd7 Qxd7 19. Nf3 Rae8 20. Rxe7 Rxe7 21.
Re1 h6 22. Rxe7 Qxe7 23. c4 Nd6 24. c5 Qe4 25. Qxe4 Nxe4 26. Ne5 Nc3 27. a4 Ne2+
28. Kf1 Nxd4 29. b4 Kf8 30. Kg2 Ke7 31. f4 f5 32. g5 hxg5 33. fxg5 Ke6 34. Nd3
Nb3 35. Kf3 d4 36. Kf4 b6 37. h4 bxc5 38. bxc5 g6 39. Ne5 Nxc5 40. Nxg6 Nd3+ 41.
Kf3 c5 42. h5 Kf7 43. Nh4 Nb2 44. h6 d3 45. Nxf5 d2 46. Ne3 d1=Q+ 47. Nxd1 Nxd1
48. h7 Kg7 49. g6 a5 50. Ke4 c4 51. Kd4 c3 52. Kd3 c2 53. Kxc2 Ne3+ 54. Kc3 Nf5
55. Kc4 Ne7 56. Kb5 Nxg6 57. Kxa5 Kxh7 58. Kb6 Ne5 59. Kc5 Nd7+ 60. Kc6 Ne5+ 61.
Kd6 Nc4+ 62. Kc5 Nd2 63. Kb4 Ne4 64. a5 Nd6 65. a6 Nc8 66. Kb5 Kg7 67. Kc6 Kf7
68. Kb7 Nd6+ 69. Kc7 Nb5+ 70. Kb6 Nd6 71. Kc6 Nc8 72. Kc7 Na7 73. Kb7 Nb5 74.
Kb6 {Game drawn by mutual agreement} 1/2-1/2

[Event "Team 45 45 League T36"]
[Site "Internet Chess Club"]
[Date "2008.01.24"]
[Round "1"]
[White "SATELLITE-DAN"]
[Black "twinders"]
[Result "0-1"]
[WhiteElo "1623"]
[BlackElo "1684"]
[Opening "Sicilian: Smith-Morra gambit"]
[ECO "B21"]
[Time "23:21:04"]
[TimeControl "2700+45"]

1. e4 c5 2. d4 cxd4 3. c3 dxc3 4. Nxc3 Nc6 5. Nf3 d6 6. Bc4 e6 7. O-O Nf6 8. Re1
Be7 9. Bg5 O-O 10. Rc1 a6 11. a3 Ng4 12. Bxe7 Qxe7 13. Ne2 Nce5 14. Ng3 Nxf3+
15. Qxf3 Qh4 16. h3 Ne5 17. Qe3 Nxc4 18. Rxc4 e5 19. Rec1 Be6 20. Rc7 b5 21. Qb6
d5 22. exd5 Bxd5 23. Nf5 Qe4 24. Ne3 Be6 25. Qa5 h6 26. Re1 Qd4 27. Qc3 Qxc3 28.
Rxc3 f6 29. Rc6 Kf7 30. Rd1 a5 31. Rdd6 Rfe8 32. Rb6 Bc4 33. Nxc4 bxc4 34. Ra6
Rxa6 35. Rxa6 Rb8 36. Rxa5 Rxb2 37. Rc5 Rb3 38. Rxc4 Rxa3 39. f3 Ra2 40. Kh2 g5
41. Rc7+ Kg6 42. Rc8 Ra4 43. g4 e4 44. fxe4 Rxe4 45. Rc6 Rf4 46. Kg3 h5 47. Rc5
hxg4 48. hxg4 Rd4 49. Rc3 Kf7 50. Re3 Rd6 51. Kf3 Rd5 52. Ke4 Re5+ 53. Kd4 Rxe3
54. Kxe3 Ke7 55. Kd4 Kd6 56. Ke4 Ke6 57. Kd4 f5 58. gxf5+ Kxf5 59. Ke3 Kg4 60.
Kf2 Kf4 61. Kg2 Kg4 62. Kh2 Kf3 63. Kg1 Kg3 64. Kf1 Kh2 {White resigns} 0-1

[Event "Team 45 45 League T36"]
[Site "Internet Chess Club"]
[Date "2008.01.26"]
[Round "1"]
[White "mrmarck"]
[Black "nanning"]
[Result "1/2-1/2"]
[WhiteElo "1354"]
[BlackElo "1643"]
[Opening "Ruy Lopez: Anderssen variation"]
[ECO "C77"]
[Time "04:02:40"]
[TimeControl "2700+45"]

1. e4 e5 2. Nf3 Nc6 3. Bb5 a6 4. Ba4 Nf6 5. d3 b5 6. Bb3 Be7 7. O-O O-O 8. a3 d6
9. Be3 Na5 10. Ba2 c5 11. b4 Nc6 12. bxc5 dxc5 13. Nc3 Qc7 14. Nd5 Nxd5 15. Bxd5
Bb7 16. c4 Rab8 17. cxb5 axb5 18. Rb1 b4 19. axb4 Nxb4 20. Bc4 Rfd8 21. Rb3 Bxe4
22. Qb1 Bg6 23. Rd1 Kf8 24. Qb2 e4 25. Ne5 Bf6 26. Nxg6+ hxg6 27. Qb1 exd3 28.
Bxd3 Nxd3 29. Rxb8 Rxb8 30. Qxd3 c4 31. Qd5 c3 32. Bc5+ Kg8 33. Bd6 Qc8 34. Bxb8
Qxb8 35. Qc4 Qb2 36. Qc8+ Kh7 37. Qh3+ {Game drawn by mutual agreement} 1/2-1/2

[Event "Team 45 45 League T36"]
[Site "Internet Chess Club"]
[Date "2008.01.26"]
[Round "1"]
[White "crag"]
[Black "OOB1"]
[Result "0-1"]
[WhiteElo "1411"]
[BlackElo "1534"]
[Opening "Sicilian defense"]
[ECO "B32"]
[Time "19:07:18"]
[TimeControl "2700+45"]

1. e4 c5 2. Nf3 Nc6 3. d4 cxd4 4. Nxd4 a6 5. Bc4 e6 6. Nf3 Nf6 7. Nc3 d6 8. O-O
Be7 9. Be3 b5 10. Bd3 e5 11. h3 O-O 12. a3 Bb7 13. Qe2 d5 14. exd5 Nxd5 15. Nxd5
Qxd5 16. Rad1 e4 17. Bxb5 Qxb5 18. Qxb5 axb5 19. Ne1 b4 20. axb4 Nxb4 21. Rd7
Ba6 22. Rxe7 Bxf1 23. Kxf1 Ra1 24. Ke2 f5 25. Rb7 Nd5 26. Bd4 Nf4+ 27. Kd2 Ne6
28. Bc3 Rd8+ 29. Ke2 Nd4+ 30. Kf1 Nxc2 31. Rxg7+ Kf8 32. Rxh7 Rdd1 33. Rh8+ Kf7
34. Rh7+ Ke6 35. g3 Nxe1 36. Rh6+ Kd5 {White resigns} 0-1

[Event "Team 45 45 League T36"]
[Site "Internet Chess Club"]
[Date "2008.01.24"]
[Round "1"]
[White "Pickle"]
[Black "Mfalme"]
[Result "0-1"]
[WhiteElo "1366"]
[BlackElo "1257"]
[Opening "Petrov: Italian variation"]
[ECO "C24"]
[Time "21:57:34"]
[TimeControl "2700+45"]

1. e4 e5 2. Bc4 Nf6 3. Nf3 d6 4. Nc3 Be7 5. d3 Nc6 6. Be3 Ng4 7. Qe2 Nb4 8. Rc1
Nxe3 9. Qxe3 Bg4 10. Qe2 O-O 11. a3 Bg5 12. Rb1 Bxf3 13. gxf3 Nc6 14. Qd1 Nd4
15. Nb5 Nc6 16. Bd5 Qd7 17. Bxc6 Qxc6 18. Nc3 f5 19. Rg1 Bh6 20. Nd5 Rae8 21.
Qe2 Qc5 22. b4 Qc6 23. b5 Qc5 24. Ra1 c6 25. Nc7 Re7 {White resigns} 0-1

[Event "Team 45 45 League T36"]
[Site "Internet Chess Club"]
[Date "2008.01.28"]
[Round "1"]
[White "WFN2"]
[Black "DctSccr"]
[Result "0-1"]
[WhiteElo "2275"]
[BlackElo "1841"]
[Opening "Queen's pawn: London system"]
[ECO "A45"]
[Time "01:07:22"]
[TimeControl "2700+45"]

1. d4 Nf6 2. Bf4 g6 3. e3 Bg7 4. Nf3 O-O 5. Be2 d6 6. h3 c5 7. c3 b6 8. O-O Bb7
9. Nbd2 Nbd7 10. Bh2 a6 11. a4 Qc7 12. Qb3 Bd5 13. Bc4 Bxc4 14. Nxc4 Rac8 15.
Ncd2 Qc6 16. Rfd1 c4 17. Qc2 Rfe8 18. e4 e5 19. d5 Qc7 20. g4 Nc5 21. Kg2 Nd3
22. Ne1 Nxe1+ 23. Rxe1 Nd7 24. f3 Bh6 25. Bg1 Bf4 26. Nf1 Kg7 27. h4 Qd8 28. Kh3
Rh8 29. Be3 h5 30. g5 f6 31. Qg2 fxg5 32. hxg5 h4 33. Qg4 Bxe3 34. Nxe3 Nc5 35.
Rf1 Nd3 36. Ng2 Rh5 37. f4 exf4 38. Nxf4 Nxf4+ 39. Rxf4 Rxg5 40. Qe6 Rg3+ 41.
Kh2 Qg5 42. Raf1 Rg2+ 43. Kh1 Rd8 44. Qh3 Rg3 45. Qe6 h3 46. e5 Qxe5 47. Qf7+
Kh6 48. Rh4+ Kg5 49. Rd4 Rh8 50. Qf4+ Qxf4 51. Rdxf4 h2 52. Rxc4 Rd3 53. Rc6
Rxd5 54. Rxb6 Rd2 55. Rxa6 Kh4 56. Rf4+ Kg3 57. Rf1 Rf8 {White resigns} 0-1

[Event "Team 45 45 League T36"]
[Site "Internet Chess Club"]
[Date "2008.01.27"]
[Round "1"]
[White "andreip"]
[Black "SluMan"]
[Result "1-0"]
[WhiteElo "2063"]
[BlackElo "1966"]
[Opening "Sicilian defense"]
[ECO "B32"]
[Time "15:01:08"]
[TimeControl "2700+45"]

1. e4 c5 2. Nf3 Nc6 3. d4 cxd4 4. Nxd4 Qb6 5. Nxc6 bxc6 6. b3 Nf6 7. Be3 Qc7 8.
f3 g6 9. Be2 Bg7 10. Bd4 d6 11. O-O O-O 12. c4 a5 13. Qc2 Bb7 14. Nd2 c5 15. Bc3
a4 16. bxa4 Bc6 17. a5 Nh5 18. Nb3 Ba4 19. Rfb1 Bxb3 20. axb3 Rfb8 21. Ra4 Bxc3
22. Qxc3 Nf4 23. Kf2 Ne6 24. g3 Rb7 25. f4 Nd4 26. Bf3 e5 27. b4 cxb4 28. Rbxb4
Rba7 29. fxe5 Qc5 30. Qe3 dxe5 31. Rb5 Qc6 32. Be2 Nxb5 33. cxb5 Qc2 34. Rc4 Qb1
35. a6 Kg7 36. Rc5 Qh1 37. h4 Rd7 38. Qf3 Qa1 39. Qc3 Qxc3 40. Rxc3 Rd6 41. Rc7
Rb6 42. Bc4 Rf8 43. a7 Kh6 44. Rxf7 Rc8 45. Bd5 Rxb5 46. a8=Q Rb2+ 47. Kf3 Rxa8
48. Bxa8 Rb1 49. Kg4 Rb8 50. Bd5 Re8 51. Rd7 Rb8 52. Re7 Rb6 53. Bg8 g5 54.
hxg5+ Kg6 55. Bxh7# {Black checkmated} 1-0

[Event "Team 45 45 League T36"]
[Site "Internet Chess Club"]
[Date "2008.01.26"]
[Round "1"]
[White "Zillmer"]
[Black "gezira"]
[Result "0-1"]
[WhiteElo "1929"]
[BlackElo "2143"]
[Opening "Sicilian: Grand Prix attack, Schofman variation"]
[ECO "B23"]
[Time "16:59:22"]
[TimeControl "2700+45"]

1. e4 c5 2. Nc3 g6 3. f4 Bg7 4. Nf3 Nc6 5. Bc4 e6 6. f5 Nge7 7. fxe6 fxe6 8. d3
d5 9. Bb5 O-O 10. Bxc6 Nxc6 11. O-O Qd7 12. Bg5 h6 13. Bd2 b6 14. Qe1 Nd4 15.
Nxd4 Rxf1+ 16. Qxf1 cxd4 17. Ne2 dxe4 18. Qf4 e3 19. Bb4 Bb7 20. Rf1 a5 21. Ba3
b5 22. Bd6 e5 23. Bxe5 Rf8 24. Qxd4 Rxf1+ 25. Kxf1 Qf5+ {White resigns} 0-1

[Event "Team 45 45 League T36"]
[Site "Internet Chess Club"]
[Date "2008.01.25"]
[Round "1"]
[White "xakelari"]
[Black "Qui"]
[Result "1-0"]
[WhiteElo "2018"]
[BlackElo "1999"]
[Opening "Four knights: Rubinstein counter-gambit"]
[ECO "C48"]
[Time "16:01:14"]
[TimeControl "2700+45"]

1. e4 e5 2. Nf3 Nc6 3. Nc3 Nf6 4. Bb5 Nd4 5. Ba4 Nxf3+ 6. Qxf3 Bc5 7. d3 h6 8.
Qg3 Bd4 9. Qxg7 Rg8 10. Qxh6 Bxf2+ 11. Ke2 Bc5 12. Bg5 Be7 13. Raf1 Nxe4 14. Qh7
Rf8 15. Nxe4 Bxg5 16. Rf5 f6 17. Nxg5 Qe7 18. Qxe7+ Kxe7 19. Nh3 d5 20. Rf2 Bg4+
21. Kd2 c5 22. c3 b5 23. Bd1 Be6 24. d4 cxd4 25. cxd4 Rg8 26. Re1 Kd6 27. Rxf6
Rxg2+ 28. Nf2 Ke7 29. dxe5 Rxh2 30. Rg1 Bd7 31. Rg7+ Kd8 32. Bg4 {Black resigns}
1-0

[Event "Team 45 45 League T36"]
[Site "Internet Chess Club"]
[Date "2008.01.28"]
[Round "1"]
[White "d4"]
[Black "alexcluster"]
[Result "0-1"]
[WhiteElo "1969"]
[BlackElo "1857"]
[Opening "Queen's pawn game"]
[ECO "D02"]
[Time "13:59:49"]
[TimeControl "2700+45"]

1. d4 d5 2. Nf3 c6 3. Bf4 e6 4. e3 f5 5. Nbd2 Nf6 6. Bg5 Bd6 7. Ne5 O-O 8. f4
Nbd7 9. Bd3 Qb6 10. Rb1 c5 11. c3 Ne4 12. Bxe4 fxe4 13. O-O Nf6 14. g4 Qc7 15.
Bh4 Nd7 16. Qe2 Nxe5 17. fxe5 Be7 18. Rxf8+ Bxf8 19. Rf1 Bd7 20. Qf2 Bb5 21. Re1
Bd3 22. Nf1 Be7 23. Bxe7 Qxe7 24. Nd2 Rf8 25. Qg3 c4 26. h4 Qf7 27. b3 b5 28.
Qg2 a6 29. bxc4 bxc4 30. Nf1 Qf3 31. Nh2 Qxg2+ 32. Kxg2 Rb8 33. g5 Rb2+ 34. Kg3
Rc2 35. Rb1 Rxc3 36. Rb6 Kf7 37. h5 Be2 38. Rb7+ Kf8 39. g6 hxg6 40. hxg6 Bh5
41. Rb8+ Ke7 42. Rb7+ Kf8 43. Kf4 Bxg6 44. Rb6 Bf5 45. Rxa6 g5+ 46. Kxg5 Rxe3
47. Kf6 Ke8 48. a4 Ra3 49. a5 c3 50. Nf1 c2 51. Rc6 Rxa5 52. Rxc2 e3 53. Rb2 Ra3
54. Ng3 Bg4 55. Ne2 Rd3 56. Nf4 Rd2 57. Rb8+ Kd7 58. Rb7+ Kc6 59. Rb1 e2 60. Re1
Rd1 61. Ng2 Rxe1 62. Nxe1 Kb5 63. Kg5 Bf5 64. Kf4 Kc4 65. Ke3 Bg4 66. Ng2 Kc3
67. Ne1 Bh5 68. Ng2 Kc2 69. Nf4 e1=Q+ {White resigns} 0-1

[Event "Team 45 45 League T36"]
[Site "Internet Chess Club"]
[Date "2008.01.27"]
[Round "1"]
[White "hualpe"]
[Black "smitty120"]
[Result "0-1"]
[WhiteElo "1831"]
[BlackElo "1963"]
[Opening "Giuoco Pianissimo"]
[ECO "C55"]
[Time "11:07:42"]
[TimeControl "2700+45"]

1. e4 e5 2. Nf3 Nc6 3. Bc4 Nf6 4. d3 Bc5 5. Bg5 h6 6. Bh4 g5 7. Bg3 d6 8. h3 Nh5
9. Nxe5 Nxg3 10. Nxc6 Bxf2+ 11. Kxf2 Nxh1+ 12. Kg1 bxc6 13. Kxh1 Qf6 14. Nc3 Rb8
15. Bb3 g4 16. Qe2 O-O 17. Qe1 gxh3 18. g3 Qf3+ 19. Kh2 Qg2# {White checkmated}
0-1

[Event "Team 45 45 League T36"]
[Site "Internet Chess Club"]
[Date "2008.01.27"]
[Round "1"]
[White "MiroslavR"]
[Black "Avedldesierto"]
[Result "0-1"]
[WhiteElo "1955"]
[BlackElo "1823"]
[Opening "QGD: exchange, positional line"]
[ECO "D35"]
[Time "15:35:34"]
[TimeControl "2700+45"]

1. d4 Nf6 2. c4 d5 3. Nc3 e6 4. cxd5 exd5 5. Bg5 Be7 6. e3 h6 7. Bh4 O-O 8. Bd3
c6 9. Qc2 Re8 10. Nge2 Nbd7 11. f3 Nb6 12. b3 Bb4 13. Bf2 Be6 14. O-O Be7 15.
Nf4 Bd6 16. Nxe6 Rxe6 17. Rae1 Qc7 18. h3 Nh5 19. f4 Nf6 20. Bf5 Ree8 21. Bh4
Nbd7 22. Rf3 a6 23. Qf2 g6 24. Bxd7 Nxd7 25. e4 dxe4 26. Nxe4 Bb4 27. Re2 f5 28.
Nf6+ Nxf6 29. Bxf6 Qf7 30. Be5 Rad8 31. g4 fxg4 32. hxg4 Rd5 33. Qh4 Bf8 34. g5
h5 35. f5 Bd6 36. Ref2 Bxe5 37. dxe5 Rexe5 38. fxg6 Rxg5+ 39. Kf1 Rd1+ 40. Ke2
Qe7+ 41. Re3 Re1+ 42. Kxe1 Rg1+ 43. Ke2 Qxh4 44. Re8+ Kg7 45. Rf7+ Kxg6 46. Ref8
Qh2+ 47. Ke3 Re1+ 48. Kd3 Qd6+ 49. Kc2 Re2+ 50. Kc3 Qd2+ 51. Kc4 Qd5+ 52. Kc3
Qxf7 {White resigns} 0-1

[Event "Team 45 45 League T36"]
[Site "Internet Chess Club"]
[Date "2008.01.25"]
[Round "1"]
[White "DocHoliday"]
[Black "bart0"]
[Result "1-0"]
[WhiteElo "1978"]
[BlackElo "1727"]
[Opening "Sicilian: Tartakower variation"]
[ECO "B53"]
[Time "13:06:36"]
[TimeControl "2700+45"]

1. e4 c5 2. Nf3 d6 3. d4 cxd4 4. c3 dxc3 5. Nxc3 Nc6 6. Bc4 e6 7. O-O Be7 8. Qe2
Nf6 9. Rd1 e5 10. Be3 Bg4 11. h3 Bxf3 12. Qxf3 O-O 13. Rac1 Rc8 14. Bd5 Nxd5 15.
Nxd5 Bg5 16. Rc2 Bxe3 17. Qxe3 Re8 18. a3 Nd4 19. Rcd2 Rc2 20. Rxc2 Nxc2 21.
Qxa7 Qd7 22. Rc1 Nd4 23. Rc7 Qe6 24. Qxb7 Qg6 25. Ne7+ {Black resigns} 1-0

[Event "Team 45 45 League T36"]
[Site "Internet Chess Club"]
[Date "2008.01.27"]
[Round "1"]
[White "Oblique"]
[Black "charles-allen"]
[Result "0-1"]
[WhiteElo "1773"]
[BlackElo "1781"]
[Opening "QGD semi-Slav: Meran, 8...a6"]
[ECO "D48"]
[Time "08:59:16"]
[TimeControl "2700+45"]

1. d4 d5 2. c4 c6 3. Nf3 Nf6 4. Nc3 e6 5. e3 Nbd7 6. Bd3 dxc4 7. Bxc4 b5 8. Bd3
a6 9. e4 Be7 10. O-O O-O 11. h3 c5 12. e5 Nd5 13. Be4 Bb7 14. Nxd5 exd5 15. Bf5
c4 16. e6 fxe6 17. Bxe6+ Kh8 18. Qc2 Bf6 19. Bf5 h6 20. Re1 Bc8 21. Be6 Nb6 22.
Qg6 Qe8 23. Bf5 Bxf5 24. Qxf5 Qf7 25. Ne5 Bxe5 26. Qxf7 Bh2+ 27. Kxh2 Rxf7 28.
Kg3 Raf8 29. f3 Kh7 30. Bd2 Kg6 31. Re5 Rf5 32. Rae1 Rxe5 33. Rxe5 Rf5 34. Re6+
Rf6 35. Rxf6+ Kxf6 36. Kf4 Na4 37. Bc1 c3 38. b3 Nb2 39. Ke3 h5 40. g4 g6 41. h4
Ke6 42. gxh5 gxh5 43. Ke2 a5 44. Bg5 Kd7 45. f4 a4 46. f5 axb3 47. axb3 Ke8 48.
Bf4 Ke7 49. Bc7 Kf6 50. Ba5 c2 51. Kd2 Nd1 52. Kxc2 Ne3+ 53. Kc3 Nxf5 54. Bd8+
Ke6 55. Kd3 Ng3 56. Bc7 Ne4 57. Ke3 Kf5 58. Bd8 Kg4 59. Be7 Ng3 60. Kd3 Nf5 61.
Bd8 Nxh4 62. Kc3 Nf5 63. Kb4 Nxd4 64. Bf6 Nf3 65. Kxb5 Kf5 66. Bd8 d4 67. Kc4
Ke4 68. Bf6 h4 {White resigns} 0-1

[Event "Team 45 45 League T36"]
[Site "Internet Chess Club"]
[Date "2008.01.28"]
[Round "1"]
[White "b-spot"]
[Black "BraafPaard"]
[Result "1-0"]
[WhiteElo "1739"]
[BlackElo "1573"]
[Opening "Nimzo-Indian: classical variation"]
[ECO "E32"]
[Time "19:00:58"]
[TimeControl "2700+45"]

1. d4 Nf6 2. c4 e6 3. Nc3 Bb4 4. Qc2 b6 5. f3 Bb7 6. Bg5 d6 7. a3 Bxc3+ 8. Qxc3
d5 9. e3 Nbd7 10. cxd5 exd5 11. Bd3 h6 12. Bh4 Qe7 13. Bf2 c5 14. Ne2 c4 15. Bc2
b5 16. O-O O-O 17. Ng3 g6 18. Rfe1 a5 19. e4 b4 20. Qd2 Kg7 21. e5 Ng8 22. h4 f5
23. exf6+ Qxf6 24. axb4 Qf4 25. Qxf4 Rxf4 26. Ne2 Rf7 27. bxa5 Nb8 28. Nc3 Ne7
29. Nb5 Nc8 30. Re6 {Black resigns} 1-0

[Event "Team 45 45 League T36"]
[Site "Internet Chess Club"]
[Date "2008.01.25"]
[Round "1"]
[White "PrincessChess"]
[Black "matein7"]
[Result "1/2-1/2"]
[WhiteElo "1848"]
[BlackElo "1985"]
[Opening "Scandinavian defense"]
[ECO "B01"]
[Time "10:05:21"]
[TimeControl "2700+45"]

1. e4 d5 2. exd5 Nf6 3. Nc3 Nxd5 4. Nf3 Bg4 5. d4 e6 6. Nxd5 exd5 7. Be2 Be7 8.
O-O O-O 9. Bf4 c6 10. Ne5 Bxe2 11. Qxe2 Bf6 12. Nf3 Re8 13. Qd2 Nd7 14. Rae1 Qb6
15. c3 Qa6 16. a3 Nb6 17. Rxe8+ Rxe8 18. Re1 Rd8 19. Qe2 Qxe2 20. Rxe2 Nc4 21.
Bc1 Kf8 22. Kf1 Re8 23. Rxe8+ Kxe8 {Game drawn by mutual agreement} 1/2-1/2

[Event "Team 45 45 League T36"]
[Site "Internet Chess Club"]
[Date "2008.01.27"]
[Round "1"]
[White "Ghashgork"]
[Black "BIGGY"]
[Result "0-1"]
[WhiteElo "1621"]
[BlackElo "1695"]
[Opening "Caro-Kann: exchange variation"]
[ECO "B13"]
[Time "11:07:43"]
[TimeControl "2700+45"]

1. e4 c6 2. d4 d5 3. exd5 cxd5 4. Bd3 Nf6 5. c3 Bg4 6. Qb3 Bc8 7. Nf3 Qc7 8. O-O
Nc6 9. Bg5 e6 10. Bxf6 gxf6 11. Nbd2 Bd6 12. Rfe1 Ne7 13. c4 Qb6 14. Qxb6 axb6
15. cxd5 Nxd5 16. a3 Bd7 17. Bc4 Bc6 18. b4 b5 19. Bxd5 Bxd5 20. Ne4 Bxe4 21.
Rxe4 Bxb4 22. d5 Bc3 23. Rb1 Rxa3 24. dxe6 fxe6 25. Rxe6+ Kf7 26. Rb6 b4 27.
Rxb7+ Kg6 28. Ne1 Rha8 29. Nc2 Ra2 30. Nxb4 Rb2 31. Nd5 Rxb7 {White resigns} 0-1

[Event "Team 45 45 League T36"]
[Site "Internet Chess Club"]
[Date "2008.01.28"]
[Round "1"]
[White "OrangeKing"]
[Black "joshtournman"]
[Result "1/2-1/2"]
[WhiteElo "1678"]
[BlackElo "1450"]
[Opening "Ruy Lopez: old Steinitz defense"]
[ECO "C62"]
[Time "21:06:15"]
[TimeControl "2700+45"]

1. e4 e5 2. Nf3 Nc6 3. Bb5 d6 4. d4 exd4 5. Bxc6+ bxc6 6. Nxd4 Bb7 7. Nc3 Nf6 8.
O-O Be7 9. Nf5 O-O 10. Nxe7+ Qxe7 11. Bg5 h6 12. Bh4 Qe6 13. Bxf6 Qxf6 14. f4 c5
15. Qd3 Qd4+ 16. Kh1 Qxd3 17. cxd3 f5 18. Rae1 fxe4 19. dxe4 Rae8 20. Kg1 g6 21.
e5 dxe5 22. fxe5 Rxf1+ 23. Kxf1 Kf7 24. Kf2 Ke6 25. Nb5 Kd7 26. e6+ Rxe6 27.
Rxe6 Kxe6 28. Nxc7+ Ke5 29. Nb5 a6 30. Nc3 Bd5 31. Nxd5 Kxd5 32. Ke3 a5 33. Kd3
c4+ 34. Kc3 g5 35. g4 Kc5 36. b3 cxb3 37. Kxb3 Kb5 38. a4+ Kc5 39. Kc3 Kd5 40.
Kd3 Kc5 41. Kc3 Kd5 {Game drawn by mutual agreement} 1/2-1/2

[Event "Team 45 45 League T36"]
[Site "Internet Chess Club"]
[Date "2008.01.27"]
[Round "1"]
[White "ADIOKiddo4Ever"]
[Black "quotha"]
[Result "1-0"]
[WhiteElo "1502"]
[BlackElo "1603"]
[Opening "Vienna game"]
[ECO "C25"]
[Time "13:57:16"]
[TimeControl "2700+45"]

1. e4 e5 2. Nc3 Be7 3. d4 exd4 4. Qxd4 Nf6 5. e5 Nc6 6. Qf4 Nh5 7. Qe4 g6 8. Nd5
O-O 9. Be2 Ng7 10. h4 Re8 11. Nf3 d6 12. Bg5 Bf5 13. Bxe7 Bxe4 14. Bxd8 Bxd5 15.
Bxc7 Bxf3 16. gxf3 dxe5 17. O-O-O Rac8 18. Bd6 Nd4 19. Bd3 Re6 20. Bb4 Nxf3 21.
Be4 Nd4 22. Kb1 Rf6 23. c3 Rf4 24. Bxb7 Rb8 25. cxd4 Rxb7 26. dxe5 Ne6 27. Be1
Nc5 28. Rd8+ Kg7 29. h5 gxh5 30. Bd2 Rg4 31. Rxh5 Rc7 32. Rh1 Rg6 33. Rc1 Rd7
34. Rxd7 Nxd7 35. Rc7 Nxe5 36. Bc3 Re6 37. f4 Kg6 38. fxe5 a6 39. Rd7 {Black
resigns} 1-0

[Event "Team 45 45 League T36"]
[Site "Internet Chess Club"]
[Date "2008.01.26"]
[Round "1"]
[White "CMerli"]
[Black "Kiutner"]
[Result "1-0"]
[WhiteElo "2331"]
[BlackElo "2381"]
[Opening "QGD semi-Slav"]
[ECO "D43"]
[Time "11:03:36"]
[TimeControl "2700+45"]

1. c4 e6 2. Nf3 d5 3. d4 Nf6 4. Nc3 c6 5. Bg5 h6 6. Bxf6 Qxf6 7. e3 Nd7 8. Bd3
dxc4 9. Bxc4 g6 10. O-O Bg7 11. Rc1 O-O 12. e4 e5 13. d5 Nb6 14. dxc6 bxc6 15.
Be2 Qe7 16. Qc2 Rd8 17. Na4 Nxa4 18. Qxa4 Bb7 19. Rfd1 Qc7 20. Rxd8+ Qxd8 21.
Ba6 Bxa6 22. Qxa6 Qb6 23. Qa3 f5 24. Nh4 fxe4 25. Nxg6 Kh7 26. Ne7 Rd8 27. Qc3
c5 28. Nf5 Bf6 29. h3 Qe6 30. Ng3 Bg5 31. Ra1 Rd4 32. Qxc5 e3 33. Qxa7+ Kg6 34.
f3 Bh4 35. Ne2 Bf2+ 36. Kf1 Rd2 37. Qa4 Qd6 38. h4 Kf6 39. f4 e4 40. Rc1 Rxe2
41. Qxe4 {Black forfeits on time} 1-0

[Event "Team 45 45 League T36"]
[Site "Internet Chess Club"]
[Date "2008.01.24"]
[Round "1"]
[White "Terte"]
[Black "NFork"]
[Result "1-0"]
[WhiteElo "2172"]
[BlackElo "2132"]
[Opening "Sicilian: Alapin's variation (2.c3)"]
[ECO "B22"]
[Time "13:55:14"]
[TimeControl "2700+45"]

1. e4 c5 2. c3 d5 3. exd5 Qxd5 4. d4 Nf6 5. Nf3 e6 6. Na3 Qd8 7. Nc2 Nbd7 8. Bd3
Be7 9. O-O O-O 10. Qe2 b6 11. Bf4 Bb7 12. Rad1 Qc8 13. Ne5 Rd8 14. Rfe1 a6 15.
Nxf7 Qc6 16. d5 Nxd5 17. Nxd8 Bxd8 18. Be4 Nxf4 19. Qf3 Nd5 20. Bxd5 Qxd5 21.
Rxd5 Bxd5 22. Qh3 Nf8 23. Ne3 Bxa2 24. Ra1 Bb3 25. c4 a5 26. Qg3 Bf6 27. Ng4
Bxb2 28. Rb1 Bxc4 29. Rxb2 b5 30. Ne5 Rd8 31. h3 Ng6 32. Nxc4 bxc4 33. Qc7 Re8
34. Qxc5 Nf4 35. Qxc4 Nd5 36. Qc6 Kf7 37. Rb7+ Ne7 38. Qf3+ Kg8 39. Qa3 Nc6 40.
Rc7 Nd4 41. Qxa5 Nf5 42. g4 Ne7 43. Qe5 Kf7 44. Rb7 Rd8 45. Qh5+ Kf6 46. Qh4+ g5
47. Qh6+ {Black resigns} 1-0

[Event "Team 45 45 League T36"]
[Site "Internet Chess Club"]
[Date "2008.01.25"]
[Round "1"]
[White "BigH"]
[Black "valipop"]
[Result "0-1"]
[WhiteElo "1620"]
[BlackElo "2100"]
[Opening "Sicilian defense"]
[ECO "B34"]
[Time "10:10:15"]
[TimeControl "2700+45"]

1. e4 c5 2. Nf3 Nc6 3. d4 cxd4 4. Nxd4 g6 5. Be3 Bg7 6. c3 d6 7. Bb5 Bd7 8. a4
a6 9. Nxc6 bxc6 10. Bc4 Nf6 11. f3 a5 12. O-O O-O 13. Na3 Rb8 14. Rb1 Qc7 15. b4
d5 16. Bd3 dxe4 17. fxe4 Ng4 18. Bd2 Qxh2# {White checkmated} 0-1

[Event "Team 45 45 League T36"]
[Site "Internet Chess Club"]
[Date "2008.01.27"]
[Round "1"]
[White "Despair"]
[Black "JustinSane"]
[Result "1/2-1/2"]
[WhiteElo "1939"]
[BlackElo "2197"]
[Opening "Clemenz (Mead's, Basman's or de Klerk's) opening"]
[ECO "A00"]
[Time "19:46:45"]
[TimeControl "2700+45"]

1. h3 d5 2. g4 e5 3. d4 exd4 4. Qxd4 Nc6 5. Qa4 Bc5 6. Bg2 Ne7 7. Nf3 Be6 8. Nc3
a6 9. Ng5 Qd7 10. Qf4 O-O 11. O-O h6 12. Nxe6 fxe6 13. Qd2 Ne5 14. b3 Rf7 15.
Bb2 Raf8 16. Na4 Bd6 17. Qe3 N5g6 18. Nc5 Bxc5 19. Qxc5 Nf4 20. Rae1 b6 21. Qe3
c5 22. c4 d4 23. Qg3 Nxg2 24. Qxg2 Ng6 25. Bc1 Qd6 26. Bd2 d3 27. Qe4 Nh4 28. f4
Rd8 29. Bc3 dxe2 30. Rxe2 Qd3 31. Qe3 Ng6 32. Bd2 Qxe3+ 33. Bxe3 Rd3 34. Rff2
Rd1+ 35. Kh2 Rfd7 36. Rd2 Rd3 37. Rxd1 Rxd1 38. Rd2 Re1 39. Bf2 Re4 40. Kg3
{Game drawn by mutual agreement} 1/2-1/2

[Event "Team 45 45 League T36"]
[Site "Internet Chess Club"]
[Date "2008.01.25"]
[Round "1"]
[White "gorgon"]
[Black "cosmos"]
[Result "1-0"]
[WhiteElo "2109"]
[BlackElo "1399"]
[Opening "Catalan: closed"]
[ECO "E01"]
[Time "19:03:37"]
[TimeControl "2700+45"]

1. d4 Nf6 2. c4 e6 3. g3 d5 4. Bg2 b6 5. Nf3 Bb7 6. O-O Be7 7. Ne5 Nbd7 8. Nc3
O-O 9. Bg5 h6 10. Bxf6 Nxf6 11. Rc1 Qc8 12. cxd5 Nxd5 13. Nxd5 Bxd5 14. Bxd5
exd5 15. Nc6 Re8 16. Qb3 Qe6 17. e3 Bd6 18. Rfd1 h5 19. Qd3 h4 20. Qf1 Qg6 21.
Qg2 Qf5 22. g4 Qg5 23. h3 Re4 24. Qf3 a5 25. Rd3 Rae8 26. Qf5 Qxf5 27. gxf5 g6
28. fxg6 fxg6 29. Rb3 Rf8 30. Rb5 Rf5 31. a3 g5 32. b4 axb4 33. Nxb4 g4 34. Rxd5
Rxd5 35. Nxd5 Kf7 36. Nxc7 gxh3 37. Nb5 Rg4+ 38. Kh1 Bb8 39. Rc8 Rg8 40. Rxg8
Kxg8 41. f4 Kf7 42. Kh2 Kg6 43. Kxh3 Kh5 44. d5 Kg6 45. Kxh4 Kf5 46. d6 Ke6 47.
Kg5 Kd7 48. Kg6 Kc6 49. a4 Kd7 50. f5 Bxd6 51. Nxd6 Kxd6 52. f6 {Black resigns}
1-0